 Dungeon Sprint DCSS version 0.21.1-1-g345015f (webtiles) character file.

1605 equalderp2856 the Protected (level 8, -9/75 HPs)
             Began as a Minotaur Fighter on May 4, 2018.
             Splashed by an oklob plant's acid (15 damage)
             ... in the Dungeon (Sprint IV: "Fedhas' Mad Dash").
             The game lasted 00:05:53 (2802 turns).

equalderp2856 the Protected (Minotaur Fighter)      Turns: 2802, Time: 00:05:53

Health: -9/75      AC: -1    Str: 22    XL:     8   Next: 63%
Magic:  12/12      EV: 10    Int:  5    God:
Gold:   51         SH: 11    Dex: 11    Spells: 7/7 levels left

rFire    . . .     SeeInvis .   a - +0 war axe
rCold    . . .     Gourm    .   c - +0 shield
rNeg     . . .     Faith    .   b - +0 scale mail
rPois    .         Spirit   .   (helmet restricted)
rElec    .         Reflect  .   n - +0 cloak
rCorr    .         Harm     .   (no gloves)
MR       .....     NoTele   +   (no boots)
Stlth    ++........             l - amulet of invisibility {+Inv}
HPRegen  0.22/turn              (no ring)
MPRegen  0.13/turn              (no ring)

@: corroded, very slightly contaminated
A: retaliatory headbutt, horns 2, no potion heal 1
a: Evoke Invisibility


You were in the Dungeon.
You were not hungry.

You visited 1 branch You collected 141 gold pieces.
You spent 90 gold pieces at shops.

Inventory:

Hand Weapons
 a - a +0 war axe (weapon)
Armour
 b - a +0 scale mail (worn)
 c - a +0 shield (worn)
 n - a +0 cloak (worn)
Jewellery
 l - the amulet of invisibility (around neck) {+Inv}
   (You found it in the Dungeon)

   [amulet of nothing]

   It lets you turn invisible.
Scrolls
 e - a scroll of identify {unknown}
 k - a scroll of blinking
Potions
 d - a potion of might
 h - a potion of haste
 i - 2 potions of magic
 j - a potion of berserk rage


   Skills:
 + Level 8.7 Fighting
 + Level 9.3 Axes
 + Level 10.2 Armour
 + Level 3.0 Dodging
 * Level 8.5 Stealth
 + Level 9.1 Shields
 * Level 7.7 Evocations


You had 7 spell levels left.
You didn't know any spells.

Dungeon Overview and Level Annotations

Branches:
Dungeon (1/1)

Altars:
Cheibriados
Dithmenos
Elyvilon
Gozag
Hepliaklqana
Kikubaaqudgha
Makhleb
Nemelex Xobeh
Okawaru
Qazlal
Ru
Sif Muna
Trog
Uskayaw
Vehumet
Wu Jian
Xom
Yredelemnul
Zin
The Shining One
Beogh
Jiyva
Lugonu

Shops:
D *[*!

Annotations:
D exclusions: oklob plant and oklob sapling


Innate Abilities, Weirdness & Mutations

You reflexively headbutt those who attack you in melee.
You have a pair of horns on your head.
Potions are less effective at restoring your health.


Message History

An oklob sapling, an oklob plant and a burning bush come into view.
A wandering mushroom comes into view.
Found a shiny ring mail.
There is an open door here.
The oklob plant spits acid at you. The splash of acid hits you!
The acid corrodes you!
You are splashed with acid!
The acid burns!
The oklob plant spits acid at you. The splash of acid hits you!
You are splashed with acid!
The acid burns!
The oklob plant spits acid at you. You block the splash of acid.
The oklob sapling spits acid at you. The splash of acid hits you!
The acid corrodes you!
You are splashed with acid!
The acid burns!
* * * LOW HITPOINT WARNING * * *
The oklob plant spits acid at you. The splash of acid hits you!
* * * LOW HITPOINT WARNING * * *
The acid corrodes you!
You are splashed with acid!
The acid burns!
You die...

#<..P#.....#.....#.⌠._._._._.⌠
#PP..'.....'.#().'.._._._._._.
#PPPP#.....#.#...#..._._._._..
###############'##.._._._._._.
#...♣........'...#._._._._._.⌠
#......♣.....#...#############
#.....♣..♣..######
##+####'######P[+
#....'....@.f# #.}###P...P..#
#### #########


You could see an oklob plant, a wandering mushroom, a burning bush and an oklob
sapling.

Vanquished Creatures
  2 wandering mushrooms (D)
  2 burning bushes (D)
  A queen bee (D)
  2 scorpions (D)
  4 killer bees (D)
  4 oklob saplings (D)
  A worker ant (D)
  2 spriggans (D)
  A river rat (D)
  A rat (D)
20 creatures vanquished.

Notes
Turn   | Place    | Note
-------+----------+-------------------------------------------
     0 | D        | equalderp2856 the Minotaur Fighter began the quest for the Orb.
     0 | D        | Reached XP level 1. HP: 19/19 MP: 0/0
     8 | D        | Reached skill level 4 in Armour
     8 | D        | Reached XP level 2. HP: 22/28 MP: 1/1
    65 | D        | Noticed an oklob sapling
   326 | D        | Killed an oklob sapling
   326 | D        | Reached skill level 5 in Fighting
   326 | D        | Reached skill level 5 in Armour
   326 | D        | Reached skill level 5 in Shields
   326 | D        | Reached XP level 3. HP: 36/36 MP: 2/2
   330 | D        | Found the amulet of invisibility {+Inv}
   331 | D        | Reached skill level 6 in Armour
   358 | D        | Noticed an oklob sapling
   361 | D        | Killed an oklob sapling
   361 | D        | Reached skill level 1 in Stealth
   361 | D        | Reached skill level 1 in Evocations
   361 | D        | Reached XP level 4. HP: 44/44 MP: 0/3
   461 | D        | Found an opulent altar of Gozag.
   461 | D        | Found a hazy altar of Hepliaklqana.
   461 | D        | Found a burning altar of Makhleb.
   461 | D        | Found a roughly hewn altar of Beogh.
   461 | D        | Found a sparkling altar of Nemelex Xobeh.
   461 | D        | Found a snail-covered altar of Cheibriados.
   461 | D        | Found a sacrificial altar of Ru.
   461 | D        | Found a deep blue altar of Sif Muna.
   461 | D        | Found a shimmering altar of Xom.
   461 | D        | Found a basalt altar of Yredelemnul.
   462 | D        | Found a viscous altar of Jiyva.
   462 | D        | Found a bloodstained altar of Trog.
   462 | D        | Found an ornate altar of the Wu Jian Council.
   463 | D        | Found an iron altar of Okawaru.
   463 | D        | Found a glowing silver altar of Zin.
   463 | D        | Found a shadowy altar of Dithmenos.
   464 | D        | Found a hide-covered altar of Uskayaw.
   464 | D        | Found an ancient bone altar of Kikubaaqudgha.
   465 | D        | Found a stormy altar of Qazlal.
   465 | D        | Found a glowing golden altar of the Shining One.
   465 | D        | Found a white marble altar of Elyvilon.
   466 | D        | Found a radiant altar of Vehumet.
   466 | D        | Found a corrupted altar of Lugonu.
   471 | D        | Reached skill level 7 in Armour
   471 | D        | Reached XP level 5. HP: 15/51 MP: 1/5
   690 | D        | Reached skill level 5 in Axes
   719 | D        | Reached skill level 8 in Armour
   723 | D        | Reached XP level 6. HP: 43/60 MP: 4/7
  1181 | D        | Found Biskic's Antique Armour Shop.
  1181 | D        | Found Zeomuhax's Assorted Antiques.
  1186 | D        | Noticed a burning bush
  1186 | D        | Noticed a wandering mushroom
  1252 | D        | Bought a cloak for 90 gold pieces
  1350 | D        | Noticed a queen bee
  1844 | D        | Reached skill level 5 in Evocations
  1981 | D        | Killed a queen bee
  1981 | D        | Reached skill level 9 in Armour
  1981 | D        | Reached skill level 1 in Dodging
  1981 | D        | Reached XP level 7. HP: 31/68 MP: 10/10
  2305 | D        | Noticed a wandering mushroom
  2543 | D        | Killed a wandering mushroom
  2667 | D        | Killed a wandering mushroom
  2667 | D        | Reached XP level 8. HP: 75/75 MP: 9/12
  2676 | D        | Killed a burning bush
  2676 | D        | Reached skill level 10 in Armour
  2725 | D        | Gained mutation: Potions are less effective at restoring your health. [mutagenic glow]
  2727 | D        | Found Xuh Ceyn's Distillery.
  2727 | D        | Found Laysiqi's General Store.
  2773 | D        | Noticed a burning bush
  2786 | D        | Killed a burning bush
  2796 | D        | Noticed a burning bush
  2796 | D        | Noticed an oklob plant
  2797 | D        | Noticed a wandering mushroom
  2802 | D        | Splashed by an oklob plant's acid

Skill      XL: |  1  2  3  4  5  6  7  8 |
---------------+-------------------------+-----
Fighting       | 4 5 6 7 8 |  8.7
Axes           | 3 4 6 7 8 9 |  9.3
Armour         | 4 5 6 7 8 9 10 | 10.2
Shields        | 4 5 6 7 8 9 |  9.1
Stealth        | 1 2 3 6 7 8 |  8.5
Evocations     | 1 2 3 6 7 |  7.7
Dodging        | 1 2 3 |  3.0

Action                   |  1- 3 |  4- 6 |  7- 9 || total
-------------------------+-------+-------+-------++-------
Melee: War axe           |     9 |    54 |    36 ||    99
       Headbutt          |     1 |     5 |    14 ||    20
 Abil: Evoke Invisibilit |     1 |     8 |     4 ||    13
  Use: Potion            |       |     2 |       ||     2
       Scroll            |       |     1 |       ||     1
 Stab: Invisible         |       |     8 |     4 ||    12
       Sleeping          |       |       |     1 ||     1
  Eat: Ration            |       |     1 |     2 ||     3
       Chunk             |       |     1 |       ||     1
Armor: Scale mail        |       |    18 |     2 ||    20
Dodge: Dodged            |     1 |    27 |    10 ||    38
Block: Shield            |     3 |    35 |     7 ||    45
